Map: Acid Plant LE

Players

Serral - Winner!

  • Race: Zerg Zerg
  • League: Master
  • Spawn Location: 11:00

liquidthermy (uThermal)

  • Race: Terran Terran
  • League: Master
  • Spawn Location: 5:00

Event: HomeStory Cup XVIII

VOD

Have the link to the VOD?

Description

Time

  • Played on: Nov. 25, 2018, 9:19 a.m.
  • Length: 8:48

All games in this series

Show
View Real Time Build Order
Export as new Build Order

Serral Zerg - Winner!

Build Orders: Hatch First 

Get SALT Encoding   

  12  0:00  Drone  
  13  0:12  Overlord  
  13  0:17  Drone  
  14  0:31  Drone x2  
  16  0:49  Hatchery  
  15  0:52  Drone  
  15  0:56  Drone  
  17  0:59  Drone  
  18  1:10  Extractor  
  17  1:15  Spawning Pool  
  17  1:17  Drone  
  17  1:21  Drone  
  18  1:28  Drone  
  20  1:40  Drone  
  20  1:49  Drone  
  21  2:01  Queen x2  
  21  2:02  Zergling x4  
  27  2:16  Hatchery  
  27  2:20  Overlord  
  26  2:24  Drone  
  26  2:26  Drone  
  28  2:31  Metabolic Boost  
  28  2:39  Drone  
  28  2:40  Drone  
  28  2:41  Drone  
  31  2:49  Queen  
  33  2:52  Overlord  
  33  2:55  Drone  
  33  2:57  Drone  
  35  3:00  Drone  
  36  3:12  Drone x2, Overlord  
  38  3:14  Drone x2  
  38  3:16  Drone  
  38  3:17  Drone  
  42  3:25  Queen  
  44  3:29  Overlord  
  44  3:32  Drone x2  
  46  3:37  Drone  
  47  3:43  Drone  
  47  3:44  Lair  
  47  3:45  Extractor x2  
  47  3:46  Zergling x2  
  47  3:47  Drone x2  
  49  3:52  Roach Warren  
  49  3:54  Drone  
  49  3:56  Drone  
  49  3:57  Drone  
  49  4:02  Drone  
  52  4:04  Drone  
  52  4:06  Overlord  
  52  4:09  Zergling x4  
  56  4:10  Zergling x2  
  56  4:12  Overlord  
  56  4:15  Pneumatized Carapace  
  56  4:18  Overlord  
  56  4:21  Zergling x2  
  57  4:34  Roach x6  
  69  4:39  Roach x2  
  69  4:43  Spore Crawler  
  72  4:47  Overseer  
  72  4:51  Spore Crawler  
  72  4:52  Roach  
  73  4:56  Roach  
  75  5:01  Roach x2  
  78  5:15  Zergling x2  
  78  5:16  Zergling x12  
  78  5:20  Zergling x4  
  81  5:25  Overlord x2  
  81  5:28  Overlord  
  81  5:35  Overlord  
  81  5:43  Zergling x8  
  81  5:47  Ravager x3, Zergling x2  
  81  5:48  Zergling x2  
  81  5:49  Ravager  
  91  5:53  Zergling x8  
  95  6:06  Ravager, Zergling x8  
  100  6:12  Queen x2  
  100  6:13  Queen  
  106  6:26  Drone x3, Roach x2  
  112  6:39  Roach  
  112  6:40  Roach x2  
  112  6:45  Roach x2  
  107  6:47  Overlord  
  100  7:00  Drone  
  100  7:01  Drone x3  
  91  7:02  Drone x2  
  91  7:03  Drone x2  
  81  7:11  Drone  
  81  7:12  Roach  
  80  7:18  Drone  
  70  7:25  Evolution Chamber  
  70  7:26  Drone x2  
  70  7:28  Drone  
  65  7:35  Drone x3  
  66  7:43  Queen  
  66  7:44  Queen, Drone, Spore Crawler  
  63  7:46  Drone  
  63  7:47  Drone  
  63  7:49  Drone  
  63  7:50  Drone  
  66  7:53  Drone  
  65  8:00  Drone x3  
  68  8:06  Spore Crawler  
  68  8:08  Overseer  
  68  8:11  Drone x3  
  70  8:18  Extractor, Drone  
  70  8:19  Drone x6  
  76  8:26  Ravager x2  
  76  8:27  Ravager x2  
  80  8:35  Drone x2  
Show
View Real Time Build Order
Export as new Build Order

liquidthermy Terran 

Build Orders: Command Center First (CC), Hellion Banshee 

Get SALT Encoding   

  12  0:01  SCV  
  13  0:13  SCV  
  14  0:17  Supply Depot  
  14  0:27  SCV  
  15  0:39  SCV  
  16  0:51  SCV  
  17  1:00  Command Center  
  17  1:03  SCV  
  18  1:14  Barracks  
  18  1:17  SCV  
  19  1:22  Refinery  
  19  1:29  SCV  
  19  1:31  Refinery  
  20  1:41  SCV  
  21  1:56  SCV  
  21  2:01  Reaper  
  23  2:08  Orbital Command  
  23  2:12  Orbital Command  
  23  2:18  Factory  
  23  2:33  Barracks Reactor  
  23  2:34  SCV  
  24  2:38  SCV  
  25  2:46  SCV  
  25  2:50  SCV  
  27  2:58  SCV  
  28  3:04  Starport  
  28  3:05  SCV  
  29  3:07  Supply Depot  
  29  3:10  SCV  
  29  3:12  Hellion x2  
  34  3:16  Barracks Tech Lab  
  34  3:17  SCV  
  34  3:18  Supply Depot  
  35  3:22  SCV  
  36  3:29  SCV  
  36  3:33  Hellion x2  
  41  3:34  SCV  
  42  3:41  SCV  
  42  3:45  Supply Depot, Marine  
  42  3:46  SCV  
  45  3:49  Cloaking Field, Banshee  
  45  3:54  Hellion  
  45  3:55  Hellion, SCV  
  53  3:59  SCV  
  54  4:07  SCV  
  54  4:11  SCV  
  54  4:13  Command Center  
  59  4:17  Hellion x2  
  59  4:21  Supply Depot  
  59  4:25  SCV  
  59  4:26  Refinery x2  
  59  4:27  SCV  
  61  4:38  SCV  
  62  4:42  Armory  
  62  4:43  Banshee  
  62  4:45  Hellion x2, SCV  
  70  4:57  Factory  
  70  4:59  Factory  
  70  5:02  Supply Depot  
  70  5:04  Barracks Tech Lab  
  70  5:17  SCV x2  
  70  5:18  Hellion  
  70  5:24  Hellion  
  70  5:25  Banshee  
  70  5:28  Orbital Command, Barracks Tech Lab  
  76  5:29  SCV x2  
  77  5:36  Terran Vehicle And Ship Armor Level 1  
  77  5:37  Supply Depot  
  77  5:39  Supply Depot  
  77  5:40  Hellion  
  77  5:41  Hellion x7, SCV x2  
  79  5:48  Cyclone, Mag-Field Accelerator  
  79  5:49  Hellion x2  
  86  5:53  SCV  
  87  5:59  Infernal Pre-Igniter, Cyclone  
  88  6:08  Banshee  
  88  6:10  Hellion  
  89  6:24  Cyclone  
  92  6:34  Hellion  
  92  6:35  Cyclone, Hellion  
  63  6:48  SCV  
  44  7:07  Cyclone  
  32  7:23  SCV  
  32  7:26  SCV  
  32  7:28  SCV  
  17  7:51  SCV x2  
  17  7:55  SCV  
  17  8:03  SCV  
  18  8:06  SCV  
  18  8:09  SCV  
  20  8:15  SCV  
  20  8:18  SCV  
  22  8:21  SCV  
  23  8:27  Supply Depot, SCV  
  23  8:30  SCV  
  23  8:33  SCV  
Tags
 
Add a new tag
Caveats
  • Supply blocks, unpowered buildings, or Contaminate may cause inaccurate times.
  • Supply counts are checked every 10 seconds.